 Dungeon Crawl Stone Soup version 0.20-a0-493-g19c8d8d (webtiles) character file.

728 terra52 the Digger (level 7, 0/36 HPs)
             Began as a Gargoyle Earth Elementalist on Jan 16, 2017.
             Was an Initiate of Ru.
             Killed from afar by an orc wizard (7 damage)
             ... with a puff of frost
             ... on level 4 of the Dungeon.
             The game lasted 00:16:46 (5367 turns).

terra52 the Digger (Gargoyle Earth Elementalist)    Turns: 5367, Time: 00:16:47

Health: 0/36       AC: 10    Str: 10    XL:     7   Next: 72%
Magic:  4/14       EV: 12    Int: 17    God:    Ru [......]
Gold:   148        SH:  0    Dex: 10    Spells: 11/15 levels left

rFire    . . .     SeeInvis .   x - +0 whip (drain)
rCold    . . .     Gourm    .   c - +0 robe
rNeg     + . .     Faith    .   (no shield)
rPois    ∞         Spirit   .   q - +1 helmet
rElec    +         Reflect  .   (no cloak)
rCorr    .         Harm     .   A - +0 pair of gloves
MR       .....                  (no boots)
Stlth    ++........             (no amulet)
Regen    0.6/turn               (no ring)
                                (no ring)

@: no status effects
A: negative energy resistance 1, regeneration 1, shaggy fur 1, electricity
resistance, weak 1, unbreathing, petrification resistance, rot immunity, AC +4
a: Renounce Religion


You were on level 4 of the Dungeon.
You worshipped Ru.
Ru was noncommittal.
You were not hungry.

You visited 2 branches of the dungeon, and saw 5 of its levels.

You collected 148 gold pieces.

Inventory:

Hand Weapons
 x - a +0 whip of draining (weapon)
 B - a +0 dagger of holy wrath
Missiles
 b - 11 stones (quivered)
 g - 52 sling bullets
 w - 6 tomahawks
Armour
 a - a +0 ring mail
 c - a +0 robe (worn)
 i - a +0 chain mail
 q - a +1 helmet (worn)
 y - a +0 leather armour
 A - a +0 pair of gloves (worn)
Jewellery
 v - an uncursed ring of ice
Scrolls
 h - 2 scrolls of noise {unknown}
 j - a scroll of amnesia {unknown}
 l - 2 scrolls of random uselessness {unknown}
 t - 7 scrolls of identify {unknown}
 u - a scroll of fog {unknown}
 C - a scroll of enchant weapon {unknown}
Potions
 f - a potion of agility {unknown}
 k - a potion of resistance
 m - 2 potions of mutation
 p - a potion of berserk rage {unknown}
 r - a potion of cancellation
 s - a potion of heal wounds {unknown}
 z - a potion of lignification {unknown}
 D - a potion of cure mutation {unknown}
Books
 e - a book of Geomancy

   Spells                             Type                      Level
   a - Sandblast                      Earth                        1
   b - Passwall                       Transmutation/Earth          2
   c - Stone Arrow                    Conjuration/Earth            3
   d - Petrify                        Transmutation/Earth          4
   e - Lee's Rapid Deconstruction     Earth                        5
Comestibles
 d - 2 bread rations
 n - a beef jerky
 o - a slice of pizza
 E - a chunk of flesh


   Skills:
 + Level 0.7 Armour
 - Level 1.5 Dodging
 + Level 3.3 Stealth
 + Level 4.8 Spellcasting
 + Level 2.8 Conjurations
   Level 0.7 Transmutations
 + Level 7.5 Earth Magic


You had 11 spell levels left.
You knew the following spells:

 Your Spells              Type           Power        Failure   Level  Hunger
a - Sandblast             Erth           ####..       1%          1    None
b - Stone Arrow           Conj/Erth      ###...       8%          3    ###....


Dungeon Overview and Level Annotations

Branches:
Dungeon (4/15)             Temple (1/1) D:4

Altars:
Ashenzari
Cheibriados
Elyvilon
Fedhas
Gozag
Hepliaklqana
Makhleb
Okawaru
Qazlal
Ru
Sif Muna
Trog
Uskayaw
Vehumet
Xom
Yredelemnul
Zin


Innate Abilities, Weirdness & Mutations

You are resistant to torment.
Your stone body is resilient. (AC +4)
You are immune to poison.
You resist negative energy. (rN+)
You are resistant to electric shocks. (rElec)
You can survive without breathing.
You are immune to petrification.
You are immune to rotting.
Your natural rate of healing is unusually fast.
You are covered in fur. (AC +1)
You are weak. (Str -2)


Message History

The orc wizard seems to speed up.
The orc wizard barely misses you. The orc wizard hits you with a dagger.
* * * LOW HITPOINT WARNING * * *
The orc wizard gestures at you while chanting.
The magic dart hits you!
* * * LOW HITPOINT WARNING * * *
The orc wizard barely misses you.
The orc wizard looks braver for a moment.
The orc wizard miscasts a cantrip.
The orc wizard is no longer moving quickly.
The orc wizard casts a spell.
The orc wizard blinks!
The orc wizard mumbles some strange words.
The orc wizard seems to speed up.
The orc wizard hits you but does no damage.
The orc wizard casts a spell.
The orc wizard blinks!
The orc wizard points at you and mumbles some strange words.
The puff of frost hits you!
You die...

....#.###.<.....###.....##.####.#
.#..........###.# #..........<#.#
.#..######..###.# #####.##.##.#.#
.......# #....#.#######.#.......#
.#.###.# ##.#.#.......#.#.###.###
.#.. # #.#.######.##.#.....# .###
#.#.# #.##.#.##### .
#.#)######.##.......#
#.#)..@.##.####.##.....
..#####.##.####.# .>.. ##########
#..#§##......# ... #.o....#
#..#o######### ..
###.####.#####..#o# . #....#
#.##.....#.#### #....#
#.......##o...# #..o.#
#..>..o....##.# #....#
#.###.####.##.#


You could see 2 orc wizards and an orc.

Vanquished Creatures
  The ghost of Caprice the Chopper, an amateur HOMo of Beogh (D:4)
  A bullfrog (D:4)
  A scorpion (D:4)
  An orc priest (D:4)
  Natasha (thrice) (D:3)
  An iguana (D:4)
  An orc wizard (D:4)
  2 worker ants (D:4)
  A howler monkey skeleton (D:4)
  4 adders
  2 oozes
  2 adder skeletons (D:4)
  7 worms
  A dart slug (D:2)
  4 leopard geckos
  7 orcs
  A giant cockroach (D:2)
  19 goblins
  14 hobgoblins
  9 jackals
  13 kobolds
  A quokka (D:4)
  6 bats
  8 frilled lizards
  5 rats
115 creatures vanquished.

Notes
Turn   | Place    | Note
-------+----------+-------------------------------------------
     0 | D:1      | terra52 the Gargoyle Earth Elementalist began the quest for the Orb.
     0 | D:1      | Reached XP level 1. HP: 10/10 MP: 3/3
   217 | D:1      | Reached skill level 4 in Earth Magic
   217 | D:1      | Reached XP level 2. HP: 15/15 MP: 1/5
   685 | D:1      | Reached XP level 3. HP: 19/19 MP: 4/6
  1048 | D:2      | Reached XP level 4. HP: 24/24 MP: 0/8
  1162 | D:2      | Reached skill level 5 in Earth Magic
  1487 | D:2      | Learned a level 3 spell: Stone Arrow
  2493 | D:3      | Reached XP level 5. HP: 28/28 MP: 0/9
  2951 | D:3      | Found a shimmering altar of Xom.
  2959 | D:3      | Found a blossoming altar of Fedhas.
  2962 | D:3      | Found an iron altar of Okawaru.
  3476 | D:3      | Noticed Natasha
  3479 | D:3      | Killed Natasha
  3606 | D:3      | Noticed Natasha
  3611 | D:3      | Killed Natasha
  3905 | D:4      | Reached skill level 1 in Conjurations
  3974 | D:4      | Reached skill level 6 in Earth Magic
  3974 | D:4      | Reached XP level 6. HP: 32/32 MP: 0/11
  4300 | D:4      | Noticed Caprice's ghost (amateur HOMo)
  4416 | D:4      | Killed Caprice's ghost
  4416 | D:4      | Reached XP level 7. HP: 36/36 MP: 0/13
  4526 | D:4      | Reached skill level 7 in Earth Magic
  4826 | D:3      | Noticed Natasha
  4837 | D:3      | Killed Natasha
  4910 | D:4      | Found a staircase to the Ecumenical Temple.
  4944 | Temple   | Entered the Ecumenical Temple
  5053 | Temple   | Became a worshipper of Ru the Awakened
  5338 | D:4      | HP: 1/36 [orc wizard/magic dart (5)]
  5340 | D:4      | Gained mutation: You are covered in fur. (AC +1) [potion of mutation]
  5340 | D:4      | Gained mutation: You are weak. (Str -2) [potion of mutation]
  5340 | D:4      | Gained mutation: Your natural rate of healing is unusually fast. [potion of mutation]
  5367 | D:4      | Killed from afar by an orc wizard

Vault maps used:
D:1:      minmay_arrival_loop
D:3:      cheibrodos_greedy_goblins, grunt_temple_overflow_diamond,
          uniq_crazy_yiuf_cottage, uniq_natasha
D:4:      minmay_ogre_servants
Temple:   dpeg_five_rooms_temple

Skill      XL: |  1  2  3  4  5  6  7 |
---------------+----------------------+-----
Earth Magic    | 4 5 6 7 |  7.5
Spellcasting   | 3 4 |  4.8
Conjurations   | 1 2 |  2.8
Stealth        | 3 |  3.3
Armour         | |  0.7
Dodging        | |  1.5
Transmutations | |  0.7

Action                   |  1- 3 |  4- 6 |  7- 9 || total
-------------------------+-------+-------+-------++-------
Melee: Whip              |       |    26 |     7 ||    33
       Unarmed           |       |    10 |       ||    10
 Cast: Sandblast         |    43 |    54 |    14 ||   111
       Stone Arrow       |       |    51 |    21 ||    72
  Use: Potion            |       |       |     3 ||     3
 Stab: Sleeping          |       |     1 |       ||     1
  Eat: Chunk             |     1 |    15 |     3 ||    19
       Pizza             |       |       |     1 ||     1
Armor: Robe              |       |    22 |    10 ||    32
       Leather armour    |       |     4 |       ||     4
Dodge: Dodged            |     4 |    40 |    32 ||    76
